 Dungeon Crawl Stone Soup version 0.30-a0-723-gc1506a1cf0 (webtiles) character file.

Game seed: 7226402359050382716

34 iguanaiguana the Trooper (level 3, -4/33 HPs)
             Began as a Meteoran Delver on Jan 29, 2023.
             Slain by a kobold brigand
             ... wielding a +0 club
              (5 damage)
             ... in a sewer.
             The game lasted 00:02:56 (230 turns).

iguanaiguana the Trooper (Meteoran Delver)           Turns: 230, Time: 00:02:57

Health: -4/33      AC:  3    Str: 13    XL:     3   Next: 73%
Magic:  4/4        EV: 12    Int: 14    God:
Gold:   0          SH:  0    Dex: 15    Spells: 2/2 levels left

rFire   . . .      SeeInvis .    a - +0 spear
rCold   . . .      Faith    .    (no shield)
rNeg    . . .      Spirit   .    b - +0 leather armour
rPois   .          Reflect  .    (no helmet)
rElec   .          Harm     .    (no cloak)
rCorr   .          Rampage  .    (no gloves)
Will    .....                    (no boots)
Stlth   +                        (no amulet)
HPRegen 0.25/turn                (no ring)
MPRegen 0.09/turn                (no ring)

@: glowing
A: sense surroundings 1, otherworldly, glowing, explore regen
a: no special abilities


You were in a sewer.
You visited 1 branch of the dungeon, and saw 1 of its levels.
You also visited: Sewer.

Inventory:

Hand Weapons
 a - a +0 spear (weapon)
Armour
 b - a +0 leather armour (worn)
Wands
 g - a wand of digging (3) {@v3}
Scrolls
 c - 2 scrolls of fog
 d - a scroll of magic mapping {@r5}


   Skills:
 - Level 4.1 Fighting
 + Level 3.4 Polearms
 - Level 2.4 Dodging
 - Level 3.7 Stealth


You had 2 spell levels left.
You didn't know any spells.
Your spell library was empty.

Dungeon Overview and Level Annotations

Branches:
Dungeon (5/15) Zot: 456     Sewer (1/1) Zot: 498
 Temple: D:4-7

Altars:


Innate Abilities, Weirdness & Mutations

You passively map a small area around you.
You are easily found by Zot.
You glow in the dark.
You regain HP and MP as you explore.


Message History

The kobold brigand is moderately wounded.
You closely miss the kobold brigand.
The kobold brigand is moderately wounded.
The kobold brigand hits you with a +0 club!
* * * LOW HITPOINT WARNING * * *
You completely miss the kobold brigand.
The kobold brigand is moderately wounded.
You hit the kobold brigand.
The kobold brigand is moderately wounded.
You hit the kobold brigand.
The kobold brigand is heavily wounded.
The kobold brigand hits you with a +0 club.
* * * LOW HITPOINT WARNING * * *
As you read the scroll of fear, it crumbles to dust.
You assume a fearsome visage.
The kobold brigand resists with some effort.
You hit the kobold brigand.
The kobold brigand is severely wounded.
You completely miss the kobold brigand.
The kobold brigand is severely wounded.
You closely miss the kobold brigand.
The kobold brigand is severely wounded.
The kobold brigand hits you with a +0 club.
* * * LOW HITPOINT WARNING * * *
You hit the kobold brigand but do no damage.
The kobold brigand is severely wounded.
You closely miss the kobold brigand.
The kobold brigand is severely wounded.
The kobold brigand hits you with a +0 club.
* * * LOW HITPOINT WARNING * * *
You hit the kobold brigand.
The kobold brigand is severely wounded.
You hit the kobold brigand but do no damage.
The kobold brigand is severely wounded.
The kobold brigand hits you with a +0 club.
* * * LOW HITPOINT WARNING * * *
You hit the kobold brigand but do no damage.
The kobold brigand is severely wounded.
The kobold brigand hits you with a +0 club.
You die...

####P##~# #~.~
~~~~..#~# #.~ *~# ~
####P.#~# ##.### ~# * *
* ≈≈....#~###~~~~ ~ ~#
≈≈≈.∩.#~##~~~######K#,
* ≈≈≈.∩.#~#.~.....~.#~#
* ≈≈≈...#~#..~.~.~.P#~#
* ,
≈≈≈≈..†..~~~..~.PP#~###
#≈≈≈...PP....~..@P~~~.#
,~
####.......###.P.K#.#.#
* ######### ########* *
*


You could see a kobold brigand.

Vanquished Creatures
  An adder (D:5)
  2 river rats
  2 giant cockroaches (D:5)
  A jackal (Sewer)
  A quokka (D:5)
  A rat (D:5)
8 creatures vanquished.

Notes
Turn   | Place    | Note
-------+----------+-------------------------------------------
     0 | D:5      | iguanaiguana the Meteoran Delver began the quest for the
                  | Orb.
     0 | D:5      | Reached XP level 1. HP: 19/19 MP: 2/2
    34 | D:5      | Reached skill level 4 in Fighting
    34 | D:5      | Reached XP level 2. HP: 23/27 MP: 3/3
   117 | D:5      | Reached XP level 3. HP: 10/33 MP: 4/4
   130 | D:5      | Found a glowing drain.
   134 | Sewer    | Entered a sewer
   202 | Sewer    | Noticed a kobold brigand
   229 | Sewer    | HP: 1/33 [kobold brigand/+0 club (5)]
   230 | Sewer    | Slain by a kobold brigand

Illustrated notes

Levels and vault maps discovered:
D:5:      layout_basic, serial_shops, nicolae_shop_advertising_works
          [nicolae_subvault_shop_adworks], gup_sewer_entry_spiral
Sewer:    sewer_co_scattered_pipes

Skill      XL: |  1  2 |
---------------+-------+-----
Fighting       | 4 |  4.1
Polearms       | 3 |  3.4
Dodging        | |  2.4
Stealth        | |  3.7

Action                     || total
---------------------------++-------
  Melee: Spear             ||    88
         Punch             ||     1
    Use: Scroll            ||     2
         Potion            ||     1
 Armour: Leather armour    ||    14
  Dodge: Dodged            ||    32

Table legend: (Time is in decaauts)
 A = Elapsed time spent in this place.
 B = Non-inter-level travel time spent in this place.
 C = Inter-level travel time spent in this place.
 D = Time resting spent in this place.
 E = Time spent auto-exploring this place.
 F = Levels seen in this place.
 G = Mean time per level.
                   A        B        C        D        E       F      G
               +--------+--------+--------+--------+--------+-----+--------+
         Total |    244 |    244 |      0 |      0 |      0 |   2 |  122.0 |
       Dungeon |    143 |    143 |      0 |      0 |      0 |   1 |  143.0 |
         Sewer |    100 |    100 |      0 |      0 |      0 |   1 |  100.0 |
               +--------+--------+--------+--------+--------+-----+--------+

Top non-repeatable levels by time:
     D:5: 143 daAuts
   Sewer: 100 daAuts
